 Dungeon Crawl Stone Soup version 0.28.0-45-g0d030f2227 (webtiles) character file.

Game seed: 16050672099102370903

776 Ablot the Cutter (level 7, -3/60 HPs)
             Began as a Gnoll Chaos Knight on Apr 16, 2022.
             Was a Plaything of Xom.
             Slain by an ice beast (12 damage)
             ... on level 5 of the Dungeon.
             The game lasted 00:06:43 (4872 turns).

Ablot the Cutter (Gnoll Chaos Knight)               Turns: 4872, Time: 00:06:44

Health: -3/60      AC:  6    Str: 10 (13) XL:     7   Next: 84%
Magic:  11/11      EV: 12    Int:  9 (12) God:    Xom [*.....]
Gold:   72         SH:  0    Dex: 10 (11) Spells: 11/11 levels left

rFire   . . .      SeeInvis .   a - +0 short sword (chaos)
rCold   . . .      Faith    .   o - orb {mayhem}
rNeg    . . .      Spirit   .   b - +2 leather armour
rPois   .          Reflect  .   n - +0 helmet
rElec   .          Harm     .   t - scarf {+Inv}
rCorr   .          Rampage  .   (no gloves)
Will    .....      Clarity  +   (no boots)
Stlth   ++........              (no amulet)
HPRegen 0.20/turn               (no ring)
MPRegen 0.12/turn               (no ring)

@: unable to read
A: fangs 1, strong nose, distributed training, clarity, inability to read while
threatened
a: Renounce Religion, Evoke Invisibility


You were on level 5 of the Dungeon.
You worshipped Xom.
You were a special plaything of Xom.
You visited 1 branch of the dungeon, and saw 5 of its levels.

You collected 177 gold pieces.
You spent 105 gold pieces at shops.

Inventory:

Hand Weapons
 a - a +0 short sword of chaos (weapon)
Missiles
 f - 118 stones
 g - 3 atropa-tipped darts (quivered)
 r - 80 arrows
 s - 16 bolts
Armour
 b - a +2 leather armour (worn)
 n - a +0 helmet (worn)
 o - an orb of mayhem (worn)
 p - a +0 buckler
 t - a scarf of invisibility (worn)
Scrolls
 c - 2 scrolls of fear
 d - 3 scrolls of teleportation
 i - a scroll of brand weapon {unknown}
 v - a scroll of fog
Potions
 e - 2 potions of attraction
 h - a potion of might
 k - a potion of curing
 l - a potion of lignification
 m - a potion of haste
 q - a potion of degeneration


   Skills:
 + Level 7.1 Fighting
 + Level 7.1 Short Blades
 + Level 2.7 Long Blades
 + Level 2.7 Axes
 + Level 2.7 Maces & Flails
 + Level 2.7 Polearms
 + Level 2.7 Staves
 + Level 2.7 Slings
 + Level 2.7 Bows
 + Level 2.7 Crossbows
 + Level 2.7 Throwing
 + Level 5.4 Armour
 + Level 3.8 Dodging
 + Level 2.7 Stealth
 + Level 2.7 Shields
 + Level 2.7 Unarmed Combat
 + Level 2.7 Spellcasting
 + Level 2.2 Conjurations
 + Level 2.2 Hexes
 + Level 2.2 Summonings
 + Level 2.2 Necromancy
 + Level 2.2 Translocations
 + Level 2.2 Transmutations
 + Level 2.2 Fire Magic
 + Level 2.2 Ice Magic
 + Level 2.2 Air Magic
 + Level 2.2 Earth Magic
 + Level 2.2 Poison Magic
 + Level 3.0 Invocations
 + Level 2.7 Evocations


You had 11 spell levels left.
You didn't know any spells.
Your spell library contained the following spells:

 Spells                   Type           Power      Damage    Failure   Level
 Magic Dart               Conj           20%        1d4       16%         1
 Blink                    Tloc           10%        N/A       24%         2
 Call Imp                 Summ           5%         N/A       24%         2
 Sublimation of Blood     Necr           5%         N/A       24%         2
 Wereblood                Tmut           5%         N/A       24%         2
 Lesser Beckoning         Tloc           5%         N/A       43%         3
 Mephitic Cloud           Conj/Pois/Air  5%         N/A       43%         3
 Manifold Assault         Tloc           5%         N/A       99%         5
 Summon Hydra             Summ           2%         N/A       100%        7


Dungeon Overview and Level Annotations

Branches:
Dungeon (5/15)             Temple (0/1) D:5

Altars:
Xom

Shops:
D:4 ?

Annotations:
Abyss:1 Blork the orc


Innate Abilities, Weirdness & Mutations

You have very sharp teeth.
Your uncanny sense of smell can sniff out nearby items.
Your experience applies equally to all skills.
You possess an exceptional clarity of mind.
You sometimes lose the ability to read scrolls when taking damage.


Message History

You hit the ice beast but do no damage.
Nothing appears to happen.
You bite the ice beast, but do no damage.
The ice beast is moderately wounded.
The ice beast hits you.
* * * LOW HITPOINT WARNING * * *
The ice beast freezes you!
* * * LOW HITPOINT WARNING * * *
You barely miss the ice beast.
The ice beast is moderately wounded.
The ice beast closely misses you. x2
You barely miss the ice beast.
The ice beast is moderately wounded.
The ice beast hits you but does no damage.
You hit the ice beast. Your bite misses the ice beast.
The ice beast is moderately wounded.
The ice beast barely misses you.
You hit the ice beast but do no damage.
Nothing appears to happen.
The ice beast is moderately wounded.
The ice beast misses you.
You hit the ice beast.
The ice beast is poisoned.
The ice beast is heavily wounded.
The ice beast hits you but does no damage.
You barely miss the ice beast.
The ice beast is heavily wounded.
The ice beast barely misses you.
You barely miss the ice beast.
The ice beast is heavily wounded.
The ice beast completely misses you.
You closely miss the ice beast.
The ice beast is severely wounded.
The ice beast hits you but does no damage.
You hit the ice beast.
The ice beast is almost dead.
The ice beast is no longer moving quickly.
The ice beast no longer looks unusually strong.
The ice beast is no longer in an insane frenzy.
The ice beast hits you.
* * * LOW HITPOINT WARNING * * *
The ice beast freezes you!
You die...

##. #.. ##. ## #..
##.† ####..### #. ..#
#..# ....)...###
#..##..# #..#
#........### #..
#...# ##..#
#......._..##..###..#
#..##
#..........(####...#
##..#
#.....(....(Y@)#...#
#...#
#..........)###...##
##...# #=.........##
###..#####...##
##........##
##.........#
#......###
#.........## #.....##
#..........#
...8....##
#............
.>...$###
#............ 8...8..
#............


You could see an ice beast (agile, very poisoned, slow).

Vanquished Creatures
  A black bear (D:4)
  A necrophage (D:4)
  An ogre (D:5)
  A scorpion (D:4)
  4 hounds
  An orc priest (D:3)
  An iguana (D:5)
  2 orc wizards
  4 adders
  A dart slug (D:1)
  A worm (D:3)
  9 orcs
  6 ball pythons
  4 bats
  11 endoplasms
  3 giant cockroaches
  4 goblins
  6 hobgoblins
  6 jackals (D:2)
  4 kobolds
  6 quokkas
  8 frilled lizards
  4 rats
89 creatures vanquished.

Vanquished Creatures (collateral kills)
  A centaur zombie (D:5)
  3 orcs
  A jackal (D:2)
  A rat (D:2)
6 creatures vanquished.

Vanquished Creatures (others)
  A rat (D:5)
  3 demonic plants (D:2)
  5 fungi (D:2)
  4 plants (D:2)
  3 withered plants (D:2)
16 creatures vanquished.

Grand Total: 111 creatures vanquished

Notes
Turn   | Place    | Note
-------+----------+-------------------------------------------
     0 | D:1      | Ablot the Gnoll Chaos Knight began the quest for the Orb.
     0 | D:1      | Reached XP level 1. HP: 23/23 MP: 1/1
   167 | D:1      | Reached XP level 2. HP: 29/29 MP: 2/2
   705 | D:1      | Reached XP level 3. HP: 35/35 MP: 3/3
   900 | D:2      | Reached skill level 1 in Invocations
   924 | D:2      | Found a faded altar of an unknown god.
  1131 | D:2      | Reached skill level 1 in Long Blades
  1131 | D:2      | Reached skill level 1 in Axes
  1131 | D:2      | Reached skill level 1 in Maces & Flails
  1131 | D:2      | Reached skill level 1 in Polearms
  1131 | D:2      | Reached skill level 1 in Staves
  1131 | D:2      | Reached skill level 1 in Slings
  1131 | D:2      | Reached skill level 1 in Bows
  1131 | D:2      | Reached skill level 1 in Crossbows
  1131 | D:2      | Reached skill level 1 in Throwing
  1131 | D:2      | Reached skill level 1 in Stealth
  1131 | D:2      | Reached skill level 1 in Shields
  1131 | D:2      | Reached skill level 1 in Unarmed Combat
  1131 | D:2      | Reached skill level 1 in Spellcasting
  1131 | D:2      | Reached skill level 1 in Evocations
  1182 | D:2      | Reached XP level 4. HP: 29/41 MP: 5/5
  1930 | D:3      | Reached skill level 1 in Conjurations
  1930 | D:3      | Reached skill level 1 in Hexes
  1930 | D:3      | Reached skill level 1 in Summonings
  1930 | D:3      | Reached skill level 1 in Necromancy
  1930 | D:3      | Reached skill level 1 in Translocations
  1930 | D:3      | Reached skill level 1 in Transmutations
  1930 | D:3      | Reached skill level 1 in Fire Magic
  1930 | D:3      | Reached skill level 1 in Ice Magic
  1930 | D:3      | Reached skill level 1 in Air Magic
  1930 | D:3      | Reached skill level 1 in Earth Magic
  1930 | D:3      | Reached skill level 1 in Poison Magic
  1994 | D:3      | XOM: 5-stop teleportation journey
  2150 | D:3      | Reached XP level 5. HP: 38/47 MP: 5/7
  2596 | D:3      | XOM: give mutation
  2596 | D:3      | Gained mutation: You possess an exceptional clarity of
                  | mind. [Xom's grace]
  3002 | D:4      | Noticed a necrophage
  3010 | D:4      | XOM: 7-stop teleportation journey
  3034 | D:4      | Reached XP level 6. HP: 32/53 MP: 8/8
  3050 | D:4      | XOM: stat loss: -1 Int (11/12)
  3053 | D:4      | Reached skill level 5 in Armour
  3264 | D:4      | Noticed a black bear
  3281 | D:4      | Killed a black bear
  3569 | D:4      | XOM: stat loss: -1 Str (12/13)
  3948 | D:4      | Found Gefoba's Magic Scroll Shop.
  3951 | D:4      | Bought a scroll of fear for 35 gold pieces
  3951 | D:4      | Bought a scroll of identify for 20 gold pieces
  3951 | D:4      | Bought a scroll of teleportation for 30 gold pieces
  3951 | D:4      | Bought a scroll of fog for 20 gold pieces
  4039 | D:4      | XOM: draining
  4047 | D:4      | Reached XP level 7. HP: 51/51 MP: 10/10
  4184 | D:4      | XOM: summons 1 hostile demon
  4223 | D:5      | Entered Level 5 of the Dungeon
  4273 | D:5      | XOM: torment (29/58 hp)
  4291 | D:5      | XOM: summons 1 hostile demon
  4438 | D:5      | XOM: give mutation
  4438 | D:5      | Gained mutation: You sometimes lose the ability to read
                  | scrolls when taking damage. [Xom's mischief]
  4442 | D:5      | Noticed Blork the orc
  4453 | D:5      | Banished Blork the orc
  4574 | D:5      | XOM: 3-stop teleportation journey
  4680 | D:5      | XOM: cloud trail
  4792 | D:5      | Found a staircase to the Ecumenical Temple.
  4807 | D:5      | XOM: silly message
  4809 | D:5      | XOM: noise
  4820 | D:5      | XOM: scenery: create altars
  4825 | D:5      | XOM: polymorph orc -> rat
  4855 | D:5      | HP: 2/60 [ice beast (7)]
  4872 | D:5      | Slain by an ice beast

Illustrated notes

Levels and vault maps discovered:
D:1:      dpeg_arrival_lava_temple_mockup, layout_basic
D:2:      layout_rooms, shapermc_ecumenical_altar_gd
D:3:      layout_basic, serial_corexii_hall, chequers_hall_statues_y,
          corexii_hall_statues_l, chequers_hall_statues_wall_a,
          corexii_hall_statues_t, chequers_hall_statues_corner_a,
          chequers_hall_statues_corner_a
D:4:      layout_loops_ring, serial_shops, nicolae_shop_window_shopping
D:5:      layout_cave_pods, minmay_temple_entry_statues, uniq_edmund,
          uniq_blork_the_orc

Skill      XL: |  1  2  3  4  5  6  7 |
---------------+----------------------+-----
Invocations    | 1 2 3 |  3.0
Long Blades    | 1 2 |  2.7
Axes           | 1 2 |  2.7
Maces & Flails | 1 2 |  2.7
Polearms       | 1 2 |  2.7
Staves         | 1 2 |  2.7
Slings         | 1 2 |  2.7
Bows           | 1 2 |  2.7
Crossbows      | 1 2 |  2.7
Throwing       | 1 2 |  2.7
Stealth        | 1 2 |  2.7
Shields        | 1 2 |  2.7
Unarmed Combat | 1 2 |  2.7
Spellcasting   | 1 2 |  2.7
Evocations     | 1 2 |  2.7
Conjurations   | 1 2 |  2.2
Hexes          | 1 2 |  2.2
Summonings     | 1 2 |  2.2
Necromancy     | 1 2 |  2.2
Translocations | 1 2 |  2.2
Transmutations | 1 2 |  2.2
Fire Magic     | 1 2 |  2.2
Ice Magic      | 1 2 |  2.2
Air Magic      | 1 2 |  2.2
Earth Magic    | 1 2 |  2.2
Poison Magic   | 1 2 |  2.2
Dodging        | 3 |  3.8
Armour         | 5 |  5.4
Fighting       | 7 |  7.1
Short Blades   | 7 |  7.1

Action                   |  1- 3 |  4- 6 |  7- 9 || total
-------------------------+-------+-------+-------++-------
Melee: Short sword       |   111 |   197 |   109 ||   417
       Bite              |     9 |    14 |    12 ||    35
       Punch             |     1 |       |       ||     1
Throw: Dart              |       |       |     3 ||     3
  Use: Scroll            |       |     5 |       ||     5
       Potion            |       |       |     2 ||     2
 Stab: Sleeping          |     1 |     4 |     1 ||     6
       Distracted        |       |     1 |       ||     1
       Confused          |       |       |     1 ||     1
Armor: Leather armour    |    31 |    66 |    29 ||   126
Dodge: Dodged            |    61 |   107 |    49 ||   217
